 Dungeon Crawl Stone Soup version 0.31-b1-20-g67cafac56d (webtiles) character file.

Game seed: 13346248549835017067

15446 boopmooplesden the Cruncher (level 12, -1/106 (107) HPs)
             Began as a Minotaur Gladiator on Jan 18, 2024.
             Was a High Priest of Okawaru.
             Killed from afar by an acid dragon (7 damage)
             ... with a splash of acid
             ... on level 12 of the Dungeon.
             The game lasted 00:18:36 (11180 turns).

boopmooplesden the Cruncher (Minotaur Gladiator)   Turns: 11180, Time: 00:18:36

HP:   -1/106 (107)  AC: 18    Str: 23    XL:     12   Next: 1%
MP:   10/11         EV: 13    Int:  5    God:    Okawaru [*****.]
Gold: 524           SH:  5    Dex: 19    Spells: 11/11 levels left

rFire   . . .        a - +0 quarterstaff (vamp)
rCold   + . .        (shield currently unavailable)
rNeg    . . .        D - +0 plate armour
rPois   .            c - +1 hat
rElec   .            K - +0 cloak
rCorr   .            (no gloves)
SInv    .            C - +0 pair of boots
Will    .....        x - amulet of reflection Stlth
                     k - +6 ring of dexterity
HPRegen 0.37/turn    i - ring of protection from cold
MPRegen 0.12/turn

%: reflection
@: heroic, spiked, corroded, slowed, lightly drained, very slow
A: horns 2, retaliatory headbutt
a: Renounce Religion, Heroism, Finesse, Duel


You were on level 12 of the Dungeon.
You worshipped Okawaru.
Okawaru was extremely pleased with you.
You visited 1 branch of the dungeon, and saw 12 of its levels.
You also visited: Ossuary.

You collected 524 gold pieces.

Inventory:

Hand Weapons
 a - a +0 vampiric quarterstaff (weapon)
Missiles
 d - 2 throwing nets (quivered)
 e - a javelin
 p - 25 poisoned darts
Armour
 c - a +1 hat (worn)
 f - a +0 chain mail
 C - a +0 pair of boots (worn)
 D - a +0 plate armour (worn)
 G - a +2 ring mail of positive energy
 K - a +0 cloak (worn)
Jewellery
 i - a ring of protection from cold (right hand)
 k - a +6 ring of dexterity (left hand)
 x - an amulet of reflection (around neck)
 z - a ring of resist corrosion
 A - an amulet of regeneration
 E - a ring of protection from cold
 L - a +6 ring of strength
Talismans
 l - a flux talisman
Wands
 n - a wand of flame (19)
 B - a wand of roots (28)
 I - a wand of paralysis (4)
Scrolls
 g - a scroll of silence
 h - 3 scrolls of identify
 o - 2 scrolls of poison
 r - 3 scrolls of immolation
 u - 6 scrolls of teleportation
 y - a scroll of brand weapon
 F - a scroll of amnesia
 J - a scroll of enchant armour
Potions
 b - 2 potions of haste
 j - 3 potions of resistance
 m - 6 potions of curing
 q - a potion of attraction
 s - a potion of invisibility
 t - 2 potions of brilliance
 v - 2 potions of mutation
 w - 3 potions of ambrosia
 H - 2 potions of heal wounds


   Skills:
 + Level 10.5(15.5) Fighting
 + Level 14.5(19.5) Staves
 + Level 2.4(7.4) Throwing
 + Level 12.6(17.6) Armour
 + Level 5.9(10.9) Dodging
 + Level 3.2(8.2) Stealth
 + Level 5.3(10.3) Shields
 + Level 1.2 Invocations


You had 11 spell levels left.
You didn't know any spells.
Your spell library contained the following spells:

 Spells                   Type           Power      Damage    Failure   Level
 Blink                    Tloc           0%         N/A       99%         2
 Cigotuvi's Dreadful Rot  Necr/Alch/Air  0%         N/A       99%         2
 Ensorcelled Hibernation  Hex/Ice        0%         N/A       99%         2
 Lesser Beckoning         Tloc           0%         N/A       99%         2
 Momentum Strike          Conj/Tloc      0%         3d8       99%         2
 Fugue of the Fallen      Necr           0%         N/A       100%        3
 Inner Flame              Hex/Fire       0%         N/A       100%        3
 Anguish                  Hex/Necr       0%         N/A       100%        4
 Flame Wave               Conj/Fire      0%         2d4       100%        4
 Ignite Poison            Fire/Alch      0%         N/A       100%        4
 Sticky Flame             Fire/Alch      0%         2d4       100%        4
 Alistair's Intoxication  Alch           0%         N/A       100%        5
 Borgnjor's Vile Clutch   Necr/Erth      0%         N/A       100%        5
 Freezing Cloud           Conj/Ice/Air   0%         6-21      100%        5
 Lee's Rapid Deconstruct  Erth           0%         3d4*      100%        5
 Eringya's Noxious Bog    Alch           0%         4d6       100%        6
 Animate Armour           Summ/Erth      Unusable   N/A       N/A         4
 Summon Lightning Spire   Summ/Air       Unusable   N/A       N/A         4

Dungeon Overview and Level Annotations

Branches:
Dungeon (12/15)            Temple (0/1) D:7            Lair (0/5) D:9
    Orc (0/2) D:11        Ossuary (visited)

Altars:
Dithmenos
Elyvilon
Fedhas
Gozag
Hepliaklqana
Makhleb
Nemelex Xobeh
Okawaru
Trog
Uskayaw
Vehumet
Wu Jian
Xom
The Shining One

Shops:
D:5 ?

Annotations:
D:12 Frances


Innate Abilities, Weirdness & Mutations

You have a pair of horns on your head.
You reflexively headbutt those who attack you in melee.


Message History

You feel yourself slow down.
You sock Frances!
Frances is moderately wounded.
Frances barely misses you. The chaos spawn tentacle-slaps you.
* * * LOW HITPOINT WARNING * * *
You are engulfed in flames!
* * * LOW HITPOINT WARNING * * *
You barely miss Frances. You headbutt Frances.
Frances is moderately wounded.
Frances closely misses you.
Frances screams a word of power!
The acid dragon spits acid at you. The splash of acid hits you.
* * * LOW HITPOINT WARNING * * *
The acid corrodes you! You block the chaos spawn's attack.
You hear a shout!
You barely miss Frances.
Frances is moderately wounded.
Frances barely misses you. The chaos spawn headbutts you.
* * * LOW HITPOINT WARNING * * *
You feel drained.
* * * LOW HITPOINT WARNING * * *
You barely miss Frances. Your headbutt misses Frances.
Frances is moderately wounded.
Frances closely misses you.
Frances screams a word of power!
The chaos spawn kicks you but does no damage.
You sock Frances!
Frances is moderately wounded.
The chaos spawn degenerates into a cloud of primal chaos!
The red devil hits you from afar with a +0 demon trident.
* * * LOW HITPOINT WARNING * * *
Barbed spikes become lodged in your body.
Frances whispers indecipherable words.
The shard of ice misses you.
You closely miss Frances.
Frances is moderately wounded.
You block the orange demon's attack. The acid dragon spits acid at you.
The splash of acid hits you!
You die...

##...# #.. #.#
##
#..############
#.#
#.###........#
...
#.#...........
... #.......#
.## #..(##..#
######4.#
##.@4.# #4.@.##
#..D### #..#
#... #.. #.. #.
#.


You could see Frances (fast), an orange demon (summoned), a hellwing (summoned),
a red devil (summoned) and an acid dragon (catching breath).

Vanquished Creatures
  Erolcha (D:9)
  Erica (D:8)
  3 two-headed ogres
  Maurice (D:8)
  A manticore (D:11)
  2 cyclopes
  Joseph (D:8)
  A rime drake (D:9)
  A hornet (D:11)
  3 trolls
  Sigmund (D:2)
  A wraith (D:10)
  17 yaks
  2 vampires
  3 steam dragons
  A basilisk (D:11)
  4 vampire mosquitoes (D:11)
  A warg (D:11)
  2 acid dragons (D:12)
  2 water moccasins
  6 ice beasts (D:9)
  3 orc warriors
  2 black bears
  6 wolves
  2 ogres
  A centaur (D:10)
  3 kobold brigands
  A gnoll sergeant (D:9)
  3 bullfrogs
  2 scorpions
  2 water moccasin zombies (Ossuary)
  17 wights
  A burial acolyte (Ossuary)
  9 killer bees
  4 howler monkeys
  A bombardier beetle (D:3)
  A jelly (D:7)
  6 hounds
  5 orc priests
  4 sleepcaps (D:7)
  A spectral scorpion (Ossuary)
  Jessica (D:2)
  5 iguanas
  3 orc wizards
  2 crocodile zombies (Ossuary)
  3 mummies
  Robin (D:2)
  7 gnolls
  5 adders
  A shadow imp (D:7)
  4 ufetubi
  2 adder zombies (Ossuary)
  A dart slug (D:3)
  A ribbon worm (D:2)
  30 orcs
  8 ball pythons
  5 bats
  8 endoplasms
  2 giant cockroaches
  9 gnoll zombies (Ossuary)
  14 hobgoblins
  2 quokkas
  2 frilled lizards
  14 goblins
  2 goblin zombies (D:4)
  2 jackal zombies (Ossuary)
  12 kobolds
  3 orc zombies (Ossuary)
  5 rats
283 creatures vanquished.

Vanquished Creatures (others)
  5 dream sheep (D:7)
5 creatures vanquished.

Grand Total: 288 creatures vanquished

Notes
Turn   | Place    | Note
-------+----------+-------------------------------------------
     0 | D:1      | boopmooplesden the Minotaur Gladiator began the quest for
                  | the Orb.
     0 | D:1      | Reached XP level 1. HP: 18/18 MP: 0/0
   123 | D:1      | Reached skill level 4 in Staves
   251 | D:1      | Found a faded altar of an unknown god.
   312 | D:1      | Reached XP level 2. HP: 25/25 MP: 1/1
   854 | D:2      | Noticed Robin
   874 | D:2      | Reached skill level 1 in Armour
   874 | D:2      | Reached XP level 3. HP: 16/30 MP: 2/2
   883 | D:2      | Killed Robin
  1162 | D:2      | Noticed Sigmund
  1176 | D:2      | Killed Sigmund
  1177 | D:2      | Reached skill level 5 in Staves
  1177 | D:2      | Reached skill level 1 in Stealth
  1177 | D:2      | Reached XP level 4. HP: 17/38 MP: 3/3
  1177 | D:2      | Reached XP level 5. HP: 20/45 MP: 4/4
  1328 | D:2      | Noticed Jessica
  1336 | D:2      | Killed Jessica
  1385 | D:2      | Found an opulent altar of Gozag.
  1679 | D:2      | Reached XP level 6. HP: 27/50 MP: 5/5
  1768 | D:3      | Noticed a steam dragon
  1777 | D:3      | Killed a steam dragon
  1778 | D:3      | Reached skill level 6 in Staves
  2080 | D:3      | Reached XP level 7. HP: 41/57 MP: 6/6
  2413 | D:3      | Found a hide-covered altar of Uskayaw.
  2462 | D:3      | You fall into a shaft and drop 1 floor!
  2616 | D:4      | Reached skill level 5 in Armour
  2688 | D:4      | Found a sand-covered staircase.
  2698 | Ossuary  | Entered an ossuary
  2751 | Ossuary  | Reached skill level 7 in Staves
  3130 | D:4      | Found a sparkling altar of Nemelex Xobeh.
  3155 | D:4      | Reached XP level 8. HP: 54/67 MP: 7/7
  3237 | D:4      | Found a shadowy altar of Dithmenos.
  3250 | D:4      | Reached skill level 8 in Staves
  3454 | D:4      | Found an iron altar of Okawaru.
  3482 | D:4      | Became a worshipper of Warmaster Okawaru
  3740 | D:5      | Entered Level 5 of the Dungeon
  4392 | D:5      | Found The Oracle's Delphic Readings.
  4645 | D:6      | Reached skill level 5 in Fighting
  4740 | D:6      | Reached skill level 9 in Staves
  4744 | D:6      | Reached skill level 5 in Dodging
  4905 | D:6      | Reached * piety under Okawaru
  4964 | D:6      | Found a white marble altar of Elyvilon.
  4973 | D:6      | Found a radiant altar of Vehumet.
  5159 | D:6      | Found an ornate altar of the Wu Jian Council.
  5408 | D:7      | Reached XP level 9. HP: 74/74 MP: 8/8
  5455 | D:7      | Reached skill level 10 in Staves
  5490 | D:7      | Reached skill level 1 in Shields
  5679 | D:7      | Found a burning altar of Makhleb.
  5984 | D:7      | Found a hazy altar of Hepliaklqana.
  5987 | D:7      | Found a glowing golden altar of the Shining One.
  6128 | D:7      | Found a staircase to the Ecumenical Temple.
  6199 | D:7      | Found a shimmering altar of Xom.
  6484 | D:8      | Noticed Joseph
  6522 | D:8      | Killed Joseph
  6522 | D:8      | Reached ** piety under Okawaru
  6523 | D:8      | Reached skill level 11 in Staves
  6665 | D:8      | Found a bloodstained altar of Trog.
  6925 | D:8      | Noticed Maurice
  6928 | D:8      | Noticed a cyclops
  6942 | D:8      | Killed Maurice
  6955 | D:8      | Killed a cyclops
  6956 | D:8      | Reached skill level 12 in Staves
  6956 | D:8      | Reached XP level 10. HP: 56/84 MP: 9/9
  7045 | D:8      | Noticed Erica
  7055 | D:8      | Killed Erica
  7055 | D:8      | Reached *** piety under Okawaru
  7387 | D:9      | Noticed Erolcha
  7410 | D:9      | Reached skill level 1 in Invocations
  7414 | D:9      | Reached skill level 13 in Staves
  7435 | D:9      | Killed Erolcha
  7435 | D:9      | Reached **** piety under Okawaru
  7470 | D:9      | Found a staircase to the Lair.
  7522 | D:9      | Reached skill level 10 in Armour
  7534 | D:9      | Reached ***** piety under Okawaru
  7535 | D:9      | Reached XP level 11. HP: 94/94 MP: 10/10
  7589 | D:9      | Reached skill level 14 in Staves
  7998 | D:9      | Noticed a two-headed ogre
  8005 | D:9      | Killed a two-headed ogre
  8355 | D:10     | Entered Level 10 of the Dungeon
  8622 | D:10     | Found an opulent altar of Gozag.
  8670 | D:10     | Found a blossoming altar of Fedhas.
  9766 | D:11     | Received a gift from Okawaru
  9906 | D:11     | Noticed a two-headed ogre
  9918 | D:11     | Killed a two-headed ogre
  9930 | D:11     | Paralysed by a hornet for 1 turns
 10015 | D:11     | Reached skill level 5 in Shields
 10118 | D:11     | Found a staircase to the Orcish Mines.
 10142 | D:11     | Reached skill level 10 in Fighting
 10743 | D:12     | Identified the +6 longbow of Destruction {freeze, rF+ Int+3
                  | Stlth-}
 10775 | D:12     | Noticed a two-headed ogre
 10781 | D:12     | Killed a two-headed ogre
 10868 | D:12     | Reached XP level 12. HP: 79/107 MP: 11/11
 11167 | D:12     | Noticed Frances
 11180 | D:12     | Killed from afar by an acid dragon

Illustrated notes

Levels and vault maps discovered:
D:1:      amcnicky_arrival_single_pillar, layout_loops_ring,
          shapermc_ecumenical_altar_totnotflames
D:2:      layout_rooms, basic_altar, minivault_26, uniq_robin, uniq_jessica,
          uniq_sigmund
D:3:      layout_rooms, nicolae_uskayaw_murder_on_the_dancefloor,
          cheibrodos_gnoll_hut, uniq_crazy_yiuf_cottage
D:4:      layout_loops_corners, kennysheep_mini, okawaru_altar_gauntlet_db,
          grunt_dithmenos_smoke, nicolae_ossuary_entry_giza,
          nrook_mini_backslash, minmay_surrounded
D:5:      layout_loops_ring, minmay_holes, nicolae_nh_oracle_at_delphi
D:6:      layout_basic, mainiacjoe_overflow_swirl,
          pdpol_wu_jian_five_deadly_venoms
D:7:      layout_loops_corners, kb_xom_exploding_sheep,
          mainiacjoe_overflow_boulevard, makhleb_heckhound_becter,
          kennysheep_mini_moat, minmay_temple_entry_proselytizer
D:8:      layout_basic, trog_butcher_becter, uniq_joseph, uniq_maurice,
          uniq_erica
D:9:      layout_basic, hellmonk_lair_entry_icy, uniq_erolcha
D:10:     layout_stronghold, fedhas_altar_3, grunt_gozag_breadcrumbs,
          hangedman_abyss_or_decor_lesser_grid
D:11:     layout_irregular_city, minmay_orc_entry_guard_dogs,
          lemuel_flamethrower_2
D:12:     nzn_motion_control, layout_loops_ring, nicolae_neqoxec_dot_bat,
          uniq_frances

Skill      XL: |  1  2  3  4  5  6  7  8  9 10 11 |
---------------+----------------------------------+-----
Staves         | 4 5 6 7 9 12 13 14 | 14.5
Armour         | 1 3 4 5 6 8 10 12 | 12.6
Fighting       | 3 4 5 6 8 10 | 10.5
Dodging        | 4 5 |  5.9
Stealth        | 1 2 3 |  3.2
Shields        | 2 4 5 |  5.3
Invocations    | 1 |  1.2
Throwing       | |  2.4

Action                     |  1- 3 |  4- 6 |  7- 9 | 10-12 || total
---------------------------+-------+-------+-------+-------++-------
  Melee: Quarterstaff      |    67 |    32 |   447 |   485 ||  1031
         Headbutt          |    10 |     8 |    86 |   120 ||   224
  Throw: Throwing net      |     2 |     1 |     2 |       ||     5
 Invoke: Heroism           |       |       |     3 |     6 ||     9
    Use: Scroll            |     1 |     6 |     9 |     7 ||    23
         Potion            |       |     2 |       |     2 ||     4
   Stab: Sleeping          |     2 |       |     5 |       ||     7
         Held in net/web   |     2 |     2 |     1 |       ||     5
 Armour: Leather armour    |    39 |       |       |       ||    39
         Ring mail         |     6 |    24 |    87 |       ||   117
         Chain mail        |       |       |    88 |       ||    88
         Plate armour      |       |       |    76 |   366 ||   442
         Scale mail        |       |       |     4 |       ||     4
  Dodge: Dodged            |    42 |    28 |   229 |   191 ||   490
  Block: Other             |       |       |    24 |   105 ||   129
         Reflection        |       |       |     2 |       ||     2
